Avalanche vs Canadiens
Created - 1 avril 2013 at 19:12
Goals
|
| Avalanche |
0 |
4 |
2 |
6 |
| Canadiens |
0 |
0 |
3 |
3 |
|
Shots
|
| Avalanche |
16 |
15 |
9 |
40 |
| Canadiens |
5 |
7 |
18 |
30 |
|
1st period
No Goal
Penalties :
Ryan Smyth (Col) for High sticking (Minor) at 19:05
2nd period
1. Avalanche , Jason Pominville 23 (Mike Comrie, Radim Vrbata) at 1:43
2. Avalanche , Mike Comrie 21 (Ryan Smyth, Jason Pominville) at 2:18 (PP)
3. Avalanche , Rostislav Olesz 13 (Oleg Kvasha) at 3:55 (PP)
4. Avalanche , Éric Perrin 10 (Dave Tanabe, Mattias Norstrom) at 12:39
Penalties :
Shane O'Brien (Mon) for Hooking (Minor) at 2:10, Tomas Holmstrom (Mon) for Slashing (Minor) at 3:02, Jeff Taffe (Col) for Hooking (Minor) at 19:36
3rd period
5. Avalanche , Radim Vrbata 15 (Rostislav Olesz, Mike Comrie) at 1:53
6. Canadiens , Marek Svatos 24 (Mark Stuart, Matt Carle) at 6:54
7. Canadiens , Mike York 26 (Jeff Woywitka) at 8:00
8. Canadiens , Jamie Lundmark 3 (Tomas Holmstrom) at 12:47
9. Avalanche , Oleg Kvasha 12 (Mike Comrie, Dave Tanabe) at 16:56
Penalties :
Patrick Eaves (Mon) for Fighting (Major) at 4:28, Andrew Ladd (Col) for Fighting (Major) at 4:28, Shane O'Brien (Mon) for Hooking (Minor) at 16:04, Éric Perrin (Col) for Elbowing (Minor) at 16:04
Goalie Stats
Antti Niemi (Col), 27 saves from 30 shots - (0,900), W, 16-20-4, 60:00 minutes
Kari Lehtonen (Mon), 34 saves from 40 shots - (0,850), L, 20-17-4, 60:00 minutes
Players Stats for Avalanche
Player Name G A P +/- PIM S H SB GA TA FO MP PP MP PK MP
------------------------------------------------------------------------------------
Andrew Ladd 0 0 0 1 5 2 2 0 0 0 0/0 10:33 0:00 1:26
Chuck Kobasew 0 0 0 0 0 2 0 0 0 1 1/1 12:50 0:00 2:18
Dave Tanabe 0 2 2 1 0 0 2 2 0 1 0/0 21:05 0:51 1:53
Dustin Byfuglien 0 0 0 1 0 1 2 1 0 0 0/0 9:50 0:00 0:00
Éric Perrin 1 0 1 1 2 3 0 0 1 0 3/3 10:27 0:00 0:06
Jack Johnson 0 0 0 0 0 0 1 2 1 0 0/0 23:52 0:51 1:53
Jason Pominville 1 1 2 0 0 3 4 0 1 0 3/3 18:51 0:51 0:00
Jeff Taffe 0 0 0 0 2 2 2 0 1 0 0/0 10:08 0:10 0:00
John-Michael Liles 0 0 0 -1 0 1 0 3 0 1 0/0 15:06 0:10 0:00
Marc Staal 0 0 0 1 0 0 0 3 0 1 0/0 23:49 0:00 2:05
Mattias Norstrom 0 1 1 1 0 0 0 1 0 1 0/0 18:21 0:00 0:00
Maxim Talbot 0 0 0 0 0 2 1 0 1 1 2/7 12:15 0:00 2:20
Mike Comrie 1 3 4 0 0 7 3 1 0 0 8/12 19:18 0:51 1:17
Oleg Kvasha 1 1 2 1 0 2 2 0 1 0 14/25 18:11 0:10 0:00
Ossi Vaananen 0 0 0 0 0 0 0 0 0 1 0/0 17:37 0:00 2:05
Radim Vrbata 1 1 2 -1 0 4 0 0 2 0 0/0 16:04 0:10 0:00
Rostislav Olesz 1 1 2 -1 0 4 1 0 0 1 1/1 16:04 0:10 0:00
Ryan Smyth 0 1 1 0 2 7 2 0 2 0 3/4 19:38 0:51 0:29
Players Stats for Canadiens
Player Name G A P +/- PIM S H SB GA TA FO MP PP MP PK MP
------------------------------------------------------------------------------------
Jamie Lundmark 1 0 1 0 0 2 2 0 0 0 2/4 11:30 0:00 0:00
Jeff Woywitka 0 1 1 0 0 1 3 0 0 3 0/0 27:29 2:47 0:51
Joffrey Lupul 0 0 0 0 0 0 1 0 0 0 0/0 11:41 0:00 0:00
Marek Svatos 1 0 1 2 0 2 1 0 0 0 1/2 20:32 2:18 0:00
Mark Stuart 0 1 1 -1 0 2 0 0 0 1 0/0 14:42 0:00 0:00
Matt Carle 0 1 1 0 0 2 0 1 1 1 0/0 14:06 0:00 0:00
Michel Ouellet 0 0 0 -1 0 1 0 1 0 1 0/0 9:41 1:40 0:00
Mike York 1 0 1 2 0 3 2 2 4 0 1/4 22:45 2:18 1:01
Patrick Eaves 0 0 0 -1 5 0 4 0 0 0 2/3 14:00 0:00 0:00
Richard Zednik 0 0 0 -1 0 0 1 0 0 1 0/0 8:01 0:00 0:00
Robert Nilsson 0 0 0 2 0 5 1 1 1 0 10/32 22:45 2:18 1:01
Ryane Clowe 0 0 0 -2 0 3 1 0 0 1 0/0 15:17 0:00 0:00
Shane O'Brien 0 0 0 0 4 1 4 0 0 1 0/0 18:03 1:11 0:10
Sheldon Souray 0 0 0 0 0 3 5 1 1 1 0/0 27:29 2:47 0:51
Tomas Holmstrom 0 1 1 0 2 1 0 0 0 0 0/0 13:56 1:40 0:00
Tyler Arnason 0 0 0 -2 0 0 1 0 0 0 1/2 9:06 0:00 0:00
Tyler Sloan 0 0 0 -1 0 1 0 0 1 0 0/0 18:25 1:11 0:10
Viktor Kozlov 0 0 0 -1 0 3 3 0 0 0 4/9 17:28 1:40 0:00
3 Stars
1 - Mike Comrie (Col)
2 - Oleg Kvasha (Col)
3 - Jason Pominville (Col)
Power Play
Avalanche - 2 on 2 Attempt(s) - 100,00%
Canadiens - 0 on 2 Attempt(s) - 0,00%
Penalty Kill
Avalanche - 2 on 2 Attempt(s) - 100,00%
- Score 0 goal in Penalty Kill
Canadiens - 0 on 2 Attempt(s) - 0,00%
- Score 0 goal in Penalty Kill
Official
Referees : Martell Rob and Fraser Kerry
Linesman : David Brisebois and Darren Gibbs
Game Notes
0:39 of 2nd period - Avalanche goal is going for a video replay. After video review, No Goal. The puck has entered the net after making contact with an attacking player’s stick that is above the height of the crossbar.
Andrew Ladd beats up Patrick Eaves at 4:28 of 3rd period
Finance
Level 1 -- Attendance: 4616 (76,93%) -- Ticket Income 415 440 $
Level 2 -- Attendance: 3890 (77,80%) -- Ticket Income 213 950 $
Level 3 -- Attendance: 1801 (90,05%) -- Ticket Income 54 030 $
Level 4 -- Attendance: 3919 (97,98%) -- Ticket Income 66 623 $
Luxury Box -- Attendance: 782 (78,20%) -- Ticket Income 140 760 $
Game was played at the Centre Bell
Total Attendance: 15008 (83,38%)
Total Ticket Income: 890 803 $
Total Income: 890 803 $
Avalanche
5 vs 5 Forward
Center Left Wing Right Wing Time % Phy DF OF
1 Oleg Kvasha Ryan Smyth Jason Pominville 40 1 2 2
2 Mike Comrie Rostislav Olesz Radim Vrbata 30 1 2 2
3 Maxim Talbot Jeff Taffe Chuck Kobasew 15 1 2 2
4 Éric Perrin Andrew Ladd Dustin Byfuglien 15 2 2 1
5 vs 5 Defense
Defense Defense Time % Phy DF OF
1 Marc Staal Jack Johnson 40 1 2 2
2 Mattias Norstrom Dave Tanabe 33 1 2 2
3 Ossi Vaananen John-Michael Liles 27 1 2 2
4 Jack Johnson Marc Staal 0 1 2 2
PowerPlay Forward
Center Left Wing Right Wing Time % Phy DF OF
1 Mike Comrie Ryan Smyth Jason Pominville 60 1 2 2
2 Oleg Kvasha Rostislav Olesz Radim Vrbata 40 1 2 2
PowerPlay Defense
Defense Defense Time % Phy DF OF
1 Jack Johnson Dave Tanabe 60 1 2 2
2 Jeff Taffe John-Michael Liles 40 1 2 2
Penalty Kill 4 Players Forward
Center Wing Time % Phy DF OF
1 Maxim Talbot Chuck Kobasew 60 1 2 2
2 Mike Comrie Andrew Ladd 40 1 2 2
Penalty Kill 4 Players Defense
Defense Defense Time % Phy DF OF
1 Marc Staal Ossi Vaananen 60 1 2 2
2 Jack Johnson Dave Tanabe 40 1 2 2
Penalty Kill - 3 Players Forward
Forward Time % Phy DF OF
1 Ryan Smyth 60 1 2 2
2 Jason Pominville 40 1 2 2
Penalty Kill - 3 Players Defense
Defense Defense Time % Phy DF OF
1 Marc Staal Ossi Vaananen 60 1 2 2
2 Jack Johnson Dave Tanabe 40 1 2 2
4 vs 4 Forward
Center Wing Time % Phy DF OF
1 Ryan Smyth Jason Pominville 60 1 2 2
2 Oleg Kvasha Mike Comrie 40 1 2 2
4 vs 4 Defense
Defense Defense Time % Phy DF OF
1 Dave Tanabe Mattias Norstrom 60 1 2 2
2 Marc Staal Jack Johnson 40 1 2 2
Last Minutes Offensive
Center Left Wing Right Wing Defense Defense
Mike Comrie Ryan Smyth Jason Pominville Dave Tanabe Jack Johnson
Last Minutes Defensive
Center Left Wing Right Wing Defense Defense
Mike Comrie Ryan Smyth Jason Pominville Marc Staal Jack Johnson
Goaltenders
Starting : Antti Niemi
Backup : Patrick Lalime
Extra Forwards
Normal : Radim Vrbata, Chuck Kobasew, Andrew Ladd - PP : Andrew Ladd, Dustin Byfuglien - PK : Ryan Smyth
Extra Defensemen
Normal : Ossi Vaananen, Jack Johnson, Marc Staal - PP : Ossi Vaananen - PK : Jack Johnson, Marc Staal
Penalty Shots
Ryan Smyth, Oleg Kvasha, Andrew Ladd, Radim Vrbata, Mike Comrie
Canadiens
5 vs 5 Forward
Center Left Wing Right Wing Time % Phy DF OF
1 Robert Nilsson Mike York Marek Svatos 40 1 2 2
2 Viktor Kozlov Ryane Clowe Patrick Eaves 30 1 2 2
3 Jamie Lundmark Tomas Holmstrom Joffrey Lupul 20 1 2 2
4 Tyler Arnason Richard Zednik Michel Ouellet 10 1 2 2
5 vs 5 Defense
Defense Defense Time % Phy DF OF
1 Sheldon Souray Jeff Woywitka 40 1 2 2
2 Tyler Sloan Shane O'Brien 30 1 2 2
3 Mark Stuart Matt Carle 20 1 2 2
4 Sheldon Souray Jeff Woywitka 10 1 2 2
PowerPlay Forward
Center Left Wing Right Wing Time % Phy DF OF
1 Robert Nilsson Mike York Marek Svatos 60 1 2 2
2 Viktor Kozlov Tomas Holmstrom Michel Ouellet 40 1 2 2
PowerPlay Defense
Defense Defense Time % Phy DF OF
1 Sheldon Souray Jeff Woywitka 60 1 2 2
2 Tyler Sloan Shane O'Brien 40 1 2 2
Penalty Kill 4 Players Forward
Center Wing Time % Phy DF OF
1 Robert Nilsson Mike York 60 1 2 2
2 Viktor Kozlov Tomas Holmstrom 40 1 2 2
Penalty Kill 4 Players Defense
Defense Defense Time % Phy DF OF
1 Sheldon Souray Jeff Woywitka 60 1 2 2
2 Tyler Sloan Shane O'Brien 40 1 2 2
Penalty Kill - 3 Players Forward
Forward Time % Phy DF OF
1 Robert Nilsson 60 1 2 2
2 Mike York 40 1 2 2
Penalty Kill - 3 Players Defense
Defense Defense Time % Phy DF OF
1 Sheldon Souray Jeff Woywitka 60 1 2 2
2 Tyler Sloan Shane O'Brien 40 1 2 2
4 vs 4 Forward
Center Wing Time % Phy DF OF
1 Robert Nilsson Mike York 60 1 2 2
2 Viktor Kozlov Tomas Holmstrom 40 1 2 2
4 vs 4 Defense
Defense Defense Time % Phy DF OF
1 Sheldon Souray Jeff Woywitka 60 1 2 2
2 Tyler Sloan Shane O'Brien 40 1 2 2
Last Minutes Offensive
Center Left Wing Right Wing Defense Defense
Robert Nilsson Mike York Marek Svatos Sheldon Souray Jeff Woywitka
Last Minutes Defensive
Center Left Wing Right Wing Defense Defense
Robert Nilsson Mike York Marek Svatos Sheldon Souray Jeff Woywitka
Goaltenders
Starting : Kari Lehtonen
Backup : Mikael Tellqvist
Extra Forwards
Normal : Tyler Arnason, Ryane Clowe, Jamie Lundmark - PP : Tyler Arnason, Ryane Clowe - PK : Jamie Lundmark
Extra Defensemen
Normal : Mark Stuart, Matt Carle, Tyler Sloan - PP : Mark Stuart - PK : Matt Carle, Tyler Sloan
Penalty Shots
Robert Nilsson, Mike York, Viktor Kozlov, Tomas Holmstrom, Tyler Arnason
% Time on Ice - Avalanche
Lines # - Real PCT - Wanted PCT - Time Play
Normal Forward
1 - 32% - 40% - 17:04
2 - 31% - 30% - 16:26
3 - 18% - 15% - 9:42
4 - 19% - 15% - 9:50
Normal Defense
1 - 41% - 40% - 21:30
2 - 31% - 33% - 16:36
3 - 28% - 27% - 14:56
4 - 0% - 0% - 0:00
PP Forward
1 - 84% - 60% - 0:51
2 - 16% - 40% - 0:10
PP Defense
1 - 84% - 60% - 0:51
2 - 16% - 40% - 0:10
PK Forward
1 - 68% - 60% - 2:41
2 - 32% - 40% - 1:17
PK Defense
1 - 53% - 60% - 2:05
2 - 47% - 40% - 1:53
PK3 Forward
1 - 0% - 60%
2 - 0% - 40%
PK3 Defense
1 - 0% - 60%
2 - 0% - 40%
44 Forward
1 - 63% - 60% - 1:15
2 - 37% - 40% - 0:44
44 Defense
1 - 61% - 60% - 1:13
2 - 39% - 40% - 0:46
Last Minute Offensive - 0:00
Last Minute Defensive - 0:00
Total
Forward - 60:00
Defense - 60:00
|
% Time on Ice - Canadiens
Lines # - Real PCT - Wanted PCT - Time Play
Normal Forward
1 - 34% - 40% - 18:14
2 - 29% - 30% - 15:17
3 - 22% - 20% - 11:30
4 - 15% - 10% - 8:01
Normal Defense
1 - 37% - 40% - 19:49
2 - 31% - 30% - 16:28
3 - 27% - 20% - 14:06
4 - 5% - 10% - 2:39
PP Forward
1 - 58% - 60% - 2:18
2 - 42% - 40% - 1:40
PP Defense
1 - 70% - 60% - 2:47
2 - 30% - 40% - 1:11
PK Forward
1 - 100% - 60% - 1:01
2 - 0% - 40% - 0:00
PK Defense
1 - 84% - 60% - 0:51
2 - 16% - 40% - 0:10
PK3 Forward
1 - 0% - 60%
2 - 0% - 40%
PK3 Defense
1 - 0% - 60%
2 - 0% - 40%
44 Forward
1 - 74% - 60% - 1:28
2 - 26% - 40% - 0:31
44 Defense
1 - 70% - 60% - 1:23
2 - 30% - 40% - 0:36
Last Minute Offensive - 0:00
Last Minute Defensive - 0:00
Total
Forward - 60:00
Defense - 60:00
|
Play by Play
1st period
0:01 of 1st period - Oleg Kvasha wins face-off versus Robert Nilsson in neutral zone.
0:49 of 1st period - Jamie Lundmark is hit by Maxim Talbot and loses puck.
1:27 of 1st period - Wrist shot by Mike York.
1:27 of 1st period - Shot Blocked by Mattias Norstrom.
1:29 of 1st period - Slapshot by Mark Stuart.
1:29 of 1st period - Stopped by Antti Niemi with a rebound.
1:37 of 1st period - Slapshot by Robert Nilsson.
1:37 of 1st period - Stopped by Antti Niemi with a rebound.
2:12 of 1st period - Mattias Norstrom is hit by Jeff Woywitka and loses puck.
2:33 of 1st period - Snap shot by Patrick Eaves.
2:33 of 1st period - Shot Misses the Net.
2:35 of 1st period - Slapshot by Jeff Woywitka.
2:35 of 1st period - Stopped by Antti Niemi with a rebound.
2:37 of 1st period - Snap shot by Ryane Clowe.
2:37 of 1st period - Stopped by Antti Niemi with a rebound.
2:39 of 1st period - Slapshot by Sheldon Souray.
2:39 of 1st period - Deflect By Patrick Eaves.
2:39 of 1st period - Shot Hit the Post.
2:39 of 1st period - Puck is out of play.
2:40 of 1st period - Robert Nilsson wins face-off versus Oleg Kvasha in Avalanche zone.
4:10 of 1st period - Slapshot by Mike York.
4:10 of 1st period - Shot Misses the Net.
4:16 of 1st period - Matt Carle is hit by Andrew Ladd and loses puck.
4:45 of 1st period - Snap shot by Ryan Smyth.
4:45 of 1st period - Stopped by Kari Lehtonen with a rebound.
4:47 of 1st period - Slapshot by Ryan Smyth.
4:47 of 1st period - Stopped by Kari Lehtonen without a rebound.
4:48 of 1st period - Oleg Kvasha wins face-off versus Tyler Arnason in Canadiens zone.
5:13 of 1st period - Ossi Vaananen is hit by Sheldon Souray and loses puck.
5:35 of 1st period - Icing by Sheldon Souray.
5:36 of 1st period - Éric Perrin wins face-off versus Viktor Kozlov in Canadiens zone.
5:51 of 1st period - Snap shot by Patrick Eaves.
5:51 of 1st period - Shot Misses the Net.
6:01 of 1st period - Shane O'Brien is hit by Jason Pominville and loses puck.
6:24 of 1st period - Marc Staal is hit by Joffrey Lupul and loses puck.
6:43 of 1st period - Snap shot by Mike Comrie.
6:43 of 1st period - Stopped by Kari Lehtonen without a rebound.
6:44 of 1st period - Tyler Arnason wins face-off versus Mike Comrie in Canadiens zone.
6:55 of 1st period - Snap shot by Michel Ouellet.
6:55 of 1st period - Stopped by Antti Niemi with a rebound.
7:10 of 1st period - Snap shot by Mike Comrie.
7:10 of 1st period - Shot Misses the Net.
8:04 of 1st period - Wrist shot by Rostislav Olesz.
8:04 of 1st period - Shot Misses the Net.
8:06 of 1st period - Slapshot by Marc Staal.
8:06 of 1st period - Deflect By Mike Comrie.
8:06 of 1st period - Stopped by Kari Lehtonen without a rebound.
8:07 of 1st period - Jason Pominville wins face-off versus Robert Nilsson in Canadiens zone.
8:18 of 1st period - Snap shot by Jason Pominville.
8:18 of 1st period - Shot Misses the Net.
8:39 of 1st period - Snap shot by Marek Svatos.
8:39 of 1st period - Shot Misses the Net.
9:01 of 1st period - Slapshot by Chuck Kobasew.
9:01 of 1st period - Shot Misses the Net.
9:03 of 1st period - Snap shot by Dave Tanabe.
9:03 of 1st period - Shot Misses the Net.
9:43 of 1st period - Slapshot by Jamie Lundmark.
9:43 of 1st period - Shot Misses the Net.
10:23 of 1st period - Ryane Clowe is hit by Oleg Kvasha and loses puck.
11:58 of 1st period - Ryane Clowe is hit by Dustin Byfuglien.
12:02 of 1st period - Marc Staal is hit by Patrick Eaves.
12:47 of 1st period - Snap shot by Jeff Taffe.
12:47 of 1st period - Stopped by Kari Lehtonen without a rebound.
12:48 of 1st period - Jamie Lundmark wins face-off versus Oleg Kvasha in Canadiens zone.
13:03 of 1st period - Snap shot by Jason Pominville.
13:03 of 1st period - Deflect By Jamie Lundmark.
13:03 of 1st period - Stopped by Kari Lehtonen without a rebound.
13:04 of 1st period - Ryan Smyth wins face-off versus Robert Nilsson in Canadiens zone.
13:25 of 1st period - Wrist shot by Rostislav Olesz.
13:25 of 1st period - Stopped by Kari Lehtonen without a rebound.
13:26 of 1st period - Mike Comrie wins face-off versus Viktor Kozlov in Canadiens zone.
13:41 of 1st period - Wrist shot by Ryane Clowe.
13:41 of 1st period - Shot Misses the Net.
13:51 of 1st period - Marek Svatos is hit by Jason Pominville and loses puck.
15:20 of 1st period - Wrist shot by Ryan Smyth.
15:20 of 1st period - Stopped by Kari Lehtonen without a rebound.
15:21 of 1st period - Oleg Kvasha wins face-off versus Patrick Eaves in Canadiens zone.
15:24 of 1st period - Snap shot by Ryan Smyth.
15:24 of 1st period - Stopped by Kari Lehtonen with a rebound.
15:40 of 1st period - Shane O'Brien is hit by Ryan Smyth and loses puck.
15:53 of 1st period - Snap shot by Radim Vrbata.
15:53 of 1st period - Shot Misses the Net.
16:17 of 1st period - Snap shot by Chuck Kobasew.
16:17 of 1st period - Stopped by Kari Lehtonen without a rebound.
16:18 of 1st period - Robert Nilsson wins face-off versus Maxim Talbot in Canadiens zone.
16:50 of 1st period - Snap shot by Jason Pominville.
16:50 of 1st period - Stopped by Kari Lehtonen with a rebound.
17:21 of 1st period - Wrist shot by Tomas Holmstrom.
17:21 of 1st period - Shot Blocked by Mike Comrie.
17:39 of 1st period - Wrist shot by Mike York.
17:39 of 1st period - Shot Misses the Net.
18:21 of 1st period - Snap shot by Oleg Kvasha.
18:21 of 1st period - Stopped by Kari Lehtonen with a rebound.
18:23 of 1st period - Snap shot by Ryan Smyth.
18:23 of 1st period - Stopped by Kari Lehtonen with a rebound.
18:25 of 1st period - Snap shot by Jason Pominville.
18:25 of 1st period - Shot Misses the Net.
18:37 of 1st period - Snap shot by Chuck Kobasew.
18:37 of 1st period - Shot Misses the Net.
18:39 of 1st period - Slapshot by Jeff Taffe.
18:39 of 1st period - Stopped by Kari Lehtonen with a rebound.
18:41 of 1st period - Snap shot by Maxim Talbot.
18:41 of 1st period - Stopped by Kari Lehtonen with a rebound.
18:45 of 1st period - Slapshot by Chuck Kobasew.
18:45 of 1st period - Stopped by Kari Lehtonen without a rebound.
18:46 of 1st period - Oleg Kvasha wins face-off versus Robert Nilsson in Canadiens zone.
19:03 of 1st period - Marc Staal is hit by Mike York and loses puck.
19:05 of 1st period - Minor Penalty to Ryan Smyth for High sticking.
19:06 of 1st period - Robert Nilsson wins face-off versus Maxim Talbot in Avalanche zone.
2nd period
0:01 of 2nd period - Chuck Kobasew wins face-off versus Robert Nilsson in neutral zone.
0:16 of 2nd period - Chuck Kobasew is hit by Marek Svatos and loses puck.
0:35 of 2nd period - Snap shot by Mike Comrie.
0:35 of 2nd period - Shot Blocked by Michel Ouellet.
0:37 of 2nd period - Wrist shot by Andrew Ladd.
0:37 of 2nd period - Shot Misses the Net.
0:39 of 2nd period - Wrist shot by Mike Comrie.
0:39 of 2nd period - Avalanche goal is going for a video replay.
0:39 of 2nd period - The goal is refused. The puck has entered the net after making contact with an attacking player’s stick that is above the height of the crossbar..
0:40 of 2nd period - Viktor Kozlov wins face-off versus Mike Comrie in Canadiens zone.
0:47 of 2nd period - Wrist shot by Michel Ouellet.
0:47 of 2nd period - Shot Blocked by Jack Johnson.
0:49 of 2nd period - Snap shot by Michel Ouellet.
0:49 of 2nd period - Shot Misses the Net.
0:51 of 2nd period - Slapshot by Shane O'Brien.
0:51 of 2nd period - Deflect By Viktor Kozlov.
0:51 of 2nd period - Stopped by Antti Niemi with a rebound.
0:53 of 2nd period - Slapshot by Tomas Holmstrom.
0:53 of 2nd period - Shot Misses the Net.
0:55 of 2nd period - Wrist shot by Shane O'Brien.
0:55 of 2nd period - Stopped by Antti Niemi without a rebound.
0:56 of 2nd period - Maxim Talbot wins face-off versus Mike York in Avalanche zone.
1:05 of 2nd period - Penalty to Ryan Smyth is over, Ryan Smyth is back on ice.
1:28 of 2nd period - Rostislav Olesz is hit by Viktor Kozlov and loses puck.
1:43 of 2nd period - Wrist shot by Jason Pominville.
1:43 of 2nd period - Goal by Jason Pominville - Avalanche : 1 - Canadiens : 0.
1:44 of 2nd period - Marek Svatos wins face-off versus Oleg Kvasha in neutral zone.
1:47 of 2nd period - Jack Johnson is hit by Jeff Woywitka.
2:09 of 2nd period - Patrick Eaves is hit by Mike Comrie.
2:10 of 2nd period - Minor Penalty to Shane O'Brien for Hooking.
2:11 of 2nd period - Jason Pominville wins face-off versus Robert Nilsson in Canadiens zone.
2:16 of 2nd period - Wrist shot by Ryan Smyth.
2:16 of 2nd period - Shot Misses the Net.
2:18 of 2nd period - Wrist shot by Mike Comrie.
2:18 of 2nd period - Goal by Mike Comrie - Avalanche : 2 - Canadiens : 0.
2:19 of 2nd period - Robert Nilsson wins face-off versus Oleg Kvasha in neutral zone.
2:22 of 2nd period - Jason Pominville is hit by Sheldon Souray and loses puck.
2:45 of 2nd period - Jeff Woywitka is hit by Jack Johnson.
3:02 of 2nd period - Minor Penalty to Tomas Holmstrom for Slashing.
3:03 of 2nd period - Mike Comrie wins face-off versus Robert Nilsson in Canadiens zone.
3:12 of 2nd period - Snap shot by Jason Pominville.
3:12 of 2nd period - Shot Misses the Net.
3:21 of 2nd period - Icing by Jack Johnson.
3:22 of 2nd period - Mike Comrie wins face-off versus Robert Nilsson in Avalanche zone.
3:45 of 2nd period - Off-side.
3:46 of 2nd period - Oleg Kvasha wins face-off versus Mike York in neutral zone.
3:53 of 2nd period - Snap shot by Oleg Kvasha.
3:53 of 2nd period - Shot Misses the Net.
3:55 of 2nd period - Snap shot by Rostislav Olesz.
3:55 of 2nd period - Goal by Rostislav Olesz - Avalanche : 3 - Canadiens : 0.
3:56 of 2nd period - Oleg Kvasha wins face-off versus Robert Nilsson in neutral zone.
4:07 of 2nd period - Slapshot by Ryan Smyth.
4:07 of 2nd period - Shot Misses the Net.
4:15 of 2nd period - Robert Nilsson is hit by Oleg Kvasha and loses puck.
4:37 of 2nd period - Wrist shot by Rostislav Olesz.
4:37 of 2nd period - Deflect By Radim Vrbata.
4:37 of 2nd period - Stopped by Kari Lehtonen without a rebound.
4:38 of 2nd period - Mike Comrie wins face-off versus Jamie Lundmark in Canadiens zone.
4:43 of 2nd period - Wrist shot by Mike Comrie.
4:43 of 2nd period - Deflect By Tyler Sloan.
4:43 of 2nd period - Stopped by Kari Lehtonen with a rebound.
4:45 of 2nd period - Wrist shot by Mike Comrie.
4:45 of 2nd period - Shot Misses the Net.
4:47 of 2nd period - Snap shot by Mike Comrie.
4:47 of 2nd period - Stopped by Kari Lehtonen with a rebound.
4:51 of 2nd period - Snap shot by Radim Vrbata.
4:51 of 2nd period - Stopped by Kari Lehtonen with a rebound.
5:07 of 2nd period - Off-side.
5:08 of 2nd period - Oleg Kvasha wins face-off versus Robert Nilsson in neutral zone.
5:15 of 2nd period - Oleg Kvasha is hit by Mike York and loses puck.
5:22 of 2nd period - Wrist shot by Robert Nilsson.
5:22 of 2nd period - Stopped by Antti Niemi with a rebound.
5:24 of 2nd period - Slapshot by Matt Carle.
5:24 of 2nd period - Stopped by Antti Niemi without a rebound.
5:25 of 2nd period - Mike Comrie wins face-off versus Viktor Kozlov in Avalanche zone.
5:30 of 2nd period - Sheldon Souray is hit by Rostislav Olesz and loses puck.
5:59 of 2nd period - Slapshot by Ryan Smyth.
5:59 of 2nd period - Stopped by Kari Lehtonen with a rebound.
6:01 of 2nd period - Slapshot by Dave Tanabe.
6:01 of 2nd period - Shot Blocked by Robert Nilsson.
6:03 of 2nd period - Wrist shot by Ryan Smyth.
6:03 of 2nd period - Shot Blocked by Sheldon Souray.
6:43 of 2nd period - Snap shot by Éric Perrin.
6:43 of 2nd period - Stopped by Kari Lehtonen with a rebound.
7:17 of 2nd period - Wrist shot by Robert Nilsson.
7:17 of 2nd period - Shot Misses the Net.
7:35 of 2nd period - Snap shot by Andrew Ladd.
7:35 of 2nd period - Stopped by Kari Lehtonen with a rebound.
8:05 of 2nd period - Snap shot by Jeff Taffe.
8:05 of 2nd period - Deflect By Maxim Talbot.
8:05 of 2nd period - Stopped by Kari Lehtonen without a rebound.
8:06 of 2nd period - Patrick Eaves wins face-off versus Maxim Talbot in Canadiens zone.
8:06 of 2nd period - Patrick Eaves is hit by Jeff Taffe.
8:18 of 2nd period - Slapshot by Viktor Kozlov.
8:18 of 2nd period - Deflect By Ryane Clowe.
8:18 of 2nd period - Shot Blocked by Marc Staal.
8:18 of 2nd period - Puck is out of play.
8:19 of 2nd period - Oleg Kvasha wins face-off versus Viktor Kozlov in Avalanche zone.
8:51 of 2nd period - Snap shot by Jamie Lundmark.
8:51 of 2nd period - Stopped by Antti Niemi without a rebound.
8:52 of 2nd period - Oleg Kvasha wins face-off versus Robert Nilsson in Avalanche zone.
8:57 of 2nd period - Snap shot by Marek Svatos.
8:57 of 2nd period - Shot Misses the Net.
9:06 of 2nd period - Off-side.
9:07 of 2nd period - Patrick Eaves wins face-off versus Oleg Kvasha in neutral zone.
10:14 of 2nd period - Éric Perrin is hit by Viktor Kozlov.
10:24 of 2nd period - Dustin Byfuglien is hit by Patrick Eaves and loses puck.
10:41 of 2nd period - Jason Pominville is hit by Richard Zednik and loses puck.
11:03 of 2nd period - Snap shot by Rostislav Olesz.
11:03 of 2nd period - Stopped by Kari Lehtonen without a rebound.
11:04 of 2nd period - Mike Comrie wins face-off versus Robert Nilsson in Canadiens zone.
11:29 of 2nd period - Mike Comrie is hit by Jamie Lundmark and loses puck.
11:44 of 2nd period - Wrist shot by Radim Vrbata.
11:44 of 2nd period - Stopped by Kari Lehtonen without a rebound.
11:45 of 2nd period - Oleg Kvasha wins face-off versus Robert Nilsson in Canadiens zone.
12:39 of 2nd period - Snap shot by Éric Perrin.
12:39 of 2nd period - Goal by Éric Perrin - Avalanche : 4 - Canadiens : 0.
12:40 of 2nd period - Oleg Kvasha wins face-off versus Robert Nilsson in neutral zone.
14:25 of 2nd period - Jack Johnson is hit by Ryane Clowe and loses puck.
15:36 of 2nd period - Off-side.
15:37 of 2nd period - Robert Nilsson wins face-off versus Maxim Talbot in neutral zone.
15:40 of 2nd period - Slapshot by Mike York.
15:40 of 2nd period - Shot Misses the Net.
15:52 of 2nd period - Snap shot by Marek Svatos.
15:52 of 2nd period - Shot Misses the Net.
16:14 of 2nd period - Snap shot by Oleg Kvasha.
16:14 of 2nd period - Shot Misses the Net.
16:24 of 2nd period - Joffrey Lupul is hit by Dustin Byfuglien and loses puck.
16:33 of 2nd period - Tyler Sloan is hit by Andrew Ladd and loses puck.
16:58 of 2nd period - Snap shot by Robert Nilsson.
16:58 of 2nd period - Shot Misses the Net.
17:19 of 2nd period - Snap shot by Tyler Arnason.
17:19 of 2nd period - Shot Blocked by Jack Johnson.
17:21 of 2nd period - Wrist shot by Michel Ouellet.
17:21 of 2nd period - Shot Misses the Net.
17:23 of 2nd period - Snap shot by Michel Ouellet.
17:23 of 2nd period - Shot Blocked by Marc Staal.
17:58 of 2nd period - Matt Carle is hit by Dave Tanabe and loses puck.
18:16 of 2nd period - Marek Svatos is hit by Mike Comrie and loses puck.
19:01 of 2nd period - Patrick Eaves is hit by Jeff Taffe and loses puck.
19:15 of 2nd period - Ossi Vaananen is hit by Viktor Kozlov and loses puck.
19:31 of 2nd period - Slapshot by Tyler Sloan.
19:31 of 2nd period - Shot Blocked by John-Michael Liles.
19:33 of 2nd period - Wrist shot by Viktor Kozlov.
19:33 of 2nd period - Stopped by Antti Niemi with a rebound.
19:35 of 2nd period - Slapshot by Tyler Sloan.
19:35 of 2nd period - Shot Misses the Net.
19:36 of 2nd period - Minor Penalty to Jeff Taffe for Hooking.
19:37 of 2nd period - Robert Nilsson wins face-off versus Mike Comrie in Avalanche zone.
19:40 of 2nd period - Snap shot by Robert Nilsson.
19:40 of 2nd period - Shot Misses the Net.
19:42 of 2nd period - Wrist shot by Mike York.
19:42 of 2nd period - Shot Misses the Net.
19:44 of 2nd period - Slapshot by Marek Svatos.
19:44 of 2nd period - Stopped by Antti Niemi without a rebound.
19:45 of 2nd period - Mike Comrie wins face-off versus Robert Nilsson in Avalanche zone.
19:45 of 2nd period - Mike Comrie is hit by Jeff Woywitka.
3rd period
0:01 of 3rd period - Maxim Talbot wins face-off versus Robert Nilsson in neutral zone.
0:26 of 3rd period - Marc Staal is hit by Sheldon Souray and loses puck.
1:36 of 3rd period - Penalty to Jeff Taffe is over, Jeff Taffe is back on ice.
1:51 of 3rd period - Slapshot by Rostislav Olesz.
1:51 of 3rd period - Stopped by Kari Lehtonen with a rebound.
1:53 of 3rd period - Slapshot by Radim Vrbata.
1:53 of 3rd period - Goal by Radim Vrbata - Avalanche : 5 - Canadiens : 0.
1:54 of 3rd period - Jamie Lundmark wins face-off versus Oleg Kvasha in neutral zone.
1:57 of 3rd period - Slapshot by Shane O'Brien.
1:57 of 3rd period - Shot Blocked by Dave Tanabe.
1:59 of 3rd period - Wrist shot by Jamie Lundmark.
1:59 of 3rd period - Shot Misses the Net.
3:01 of 3rd period - Slapshot by Matt Carle.
3:01 of 3rd period - Stopped by Antti Niemi with a rebound.
3:03 of 3rd period - Slapshot by Tyler Arnason.
3:03 of 3rd period - Shot Misses the Net.
3:21 of 3rd period - Slapshot by Robert Nilsson.
3:21 of 3rd period - Stopped by Antti Niemi without a rebound.
3:22 of 3rd period - Jason Pominville wins face-off versus Robert Nilsson in Avalanche zone.
4:04 of 3rd period - Icing by Sheldon Souray.
4:05 of 3rd period - Éric Perrin wins face-off versus Jamie Lundmark in Canadiens zone.
4:06 of 3rd period - Snap shot by Dustin Byfuglien.
4:06 of 3rd period - Deflect By Éric Perrin.
4:06 of 3rd period - Stopped by Kari Lehtonen with a rebound.
4:12 of 3rd period - John-Michael Liles is hit by Jamie Lundmark and loses puck.
4:28 of 3rd period - Andrew Ladd beats up Patrick Eaves.
4:28 of 3rd period - Penalty to Patrick Eaves for Fighting.
4:28 of 3rd period - Penalty to Andrew Ladd for Fighting.
4:29 of 3rd period - Oleg Kvasha wins face-off versus Robert Nilsson in Avalanche zone.
4:55 of 3rd period - Jason Pominville is hit by Sheldon Souray and loses puck.
5:47 of 3rd period - Éric Perrin is hit by Robert Nilsson and loses puck.
6:40 of 3rd period - Off-side.
6:41 of 3rd period - Robert Nilsson wins face-off versus Ryan Smyth in neutral zone.
6:46 of 3rd period - Slapshot by Matt Carle.
6:46 of 3rd period - Shot Misses the Net.
6:48 of 3rd period - Slapshot by Mark Stuart.
6:48 of 3rd period - Stopped by Antti Niemi with a rebound.
6:50 of 3rd period - Slapshot by Mark Stuart.
6:50 of 3rd period - Shot Blocked by John-Michael Liles.
6:52 of 3rd period - Backhand shot by Mark Stuart.
6:52 of 3rd period - Shot Blocked by John-Michael Liles.
6:54 of 3rd period - Backhand shot by Marek Svatos.
6:54 of 3rd period - Goal by Marek Svatos - Avalanche : 5 - Canadiens : 1.
6:55 of 3rd period - Oleg Kvasha wins face-off versus Robert Nilsson in neutral zone.
7:02 of 3rd period - Wrist shot by Ryan Smyth.
7:02 of 3rd period - Shot Blocked by Mike York.
7:31 of 3rd period - Tyler Sloan is hit by Ryan Smyth and loses puck.
7:48 of 3rd period - Slapshot by Ryan Smyth.
7:48 of 3rd period - Stopped by Kari Lehtonen without a rebound.
7:49 of 3rd period - Robert Nilsson wins face-off versus Mike Comrie in Canadiens zone.
7:54 of 3rd period - Slapshot by Sheldon Souray.
7:54 of 3rd period - Stopped by Antti Niemi with a rebound.
8:00 of 3rd period - Wrist shot by Mike York.
8:00 of 3rd period - Goal by Mike York - Avalanche : 5 - Canadiens : 2.
8:01 of 3rd period - Mike Comrie wins face-off versus Robert Nilsson in neutral zone.
8:12 of 3rd period - Wrist shot by Mike York.
8:12 of 3rd period - Shot Misses the Net.
8:14 of 3rd period - Slapshot by Jeff Woywitka.
8:14 of 3rd period - Shot Misses the Net.
8:16 of 3rd period - Slapshot by Sheldon Souray.
8:16 of 3rd period - Stopped by Antti Niemi with a rebound.
8:26 of 3rd period - Marc Staal is hit by Sheldon Souray and loses puck.
8:41 of 3rd period - Jack Johnson is hit by Shane O'Brien and loses puck.
9:11 of 3rd period - Slapshot by Marek Svatos.
9:11 of 3rd period - Shot Blocked by Dustin Byfuglien.
9:15 of 3rd period - Snap shot by Robert Nilsson.
9:15 of 3rd period - Stopped by Antti Niemi with a rebound.
9:17 of 3rd period - Snap shot by Mike York.
9:17 of 3rd period - Stopped by Antti Niemi with a rebound.
10:06 of 3rd period - Shane O'Brien is hit by Jason Pominville and loses puck.
10:45 of 3rd period - Rostislav Olesz is hit by Shane O'Brien and loses puck.
10:54 of 3rd period - Wrist shot by Tomas Holmstrom.
10:54 of 3rd period - Shot Misses the Net.
11:04 of 3rd period - John-Michael Liles is hit by Tyler Arnason.
11:22 of 3rd period - Snap shot by Viktor Kozlov.
11:22 of 3rd period - Shot Misses the Net.
11:24 of 3rd period - Slapshot by Sheldon Souray.
11:24 of 3rd period - Shot Misses the Net.
11:28 of 3rd period - Wrist shot by Patrick Eaves.
11:28 of 3rd period - Shot Blocked by Marc Staal.
11:30 of 3rd period - Slapshot by Sheldon Souray.
11:30 of 3rd period - Deflect By Marc Staal.
11:30 of 3rd period - Stopped by Antti Niemi with a rebound.
11:37 of 3rd period - Icing by Marc Staal.
11:38 of 3rd period - Éric Perrin wins face-off versus Marek Svatos in Avalanche zone.
11:49 of 3rd period - Snap shot by Oleg Kvasha.
11:49 of 3rd period - Shot Misses the Net.
11:51 of 3rd period - Backhand shot by Oleg Kvasha.
11:51 of 3rd period - Shot Misses the Net.
11:53 of 3rd period - Snap shot by Oleg Kvasha.
11:53 of 3rd period - Shot Blocked by Matt Carle.
12:07 of 3rd period - Rostislav Olesz is hit by Patrick Eaves.
12:35 of 3rd period - Slapshot by Tyler Sloan.
12:35 of 3rd period - Shot Misses the Net.
12:37 of 3rd period - Slapshot by Tyler Arnason.
12:37 of 3rd period - Shot Misses the Net.
12:47 of 3rd period - Wrist shot by Jamie Lundmark.
12:47 of 3rd period - Goal by Jamie Lundmark - Avalanche : 5 - Canadiens : 3.
12:48 of 3rd period - Mike York wins face-off versus Oleg Kvasha in neutral zone.
12:53 of 3rd period - Snap shot by Robert Nilsson.
12:53 of 3rd period - Stopped by Antti Niemi with a rebound.
13:25 of 3rd period - Snap shot by Mike York.
13:25 of 3rd period - Stopped by Antti Niemi without a rebound.
13:26 of 3rd period - Viktor Kozlov wins face-off versus Oleg Kvasha in Avalanche zone.
13:27 of 3rd period - Snap shot by Ryane Clowe.
13:27 of 3rd period - Stopped by Antti Niemi without a rebound.
13:28 of 3rd period - Oleg Kvasha wins face-off versus Viktor Kozlov in Avalanche zone.
13:28 of 3rd period - Oleg Kvasha is hit by Patrick Eaves.
14:00 of 3rd period - Snap shot by Tomas Holmstrom.
14:00 of 3rd period - Stopped by Antti Niemi without a rebound.
14:01 of 3rd period - Rostislav Olesz wins face-off versus Mike York in Avalanche zone.
14:16 of 3rd period - Robert Nilsson is hit by Mike Comrie and loses puck.
14:31 of 3rd period - Snap shot by Ryane Clowe.
14:31 of 3rd period - Stopped by Antti Niemi with a rebound.
15:34 of 3rd period - Ryan Smyth is hit by Shane O'Brien and loses puck.
15:57 of 3rd period - Wrist shot by Viktor Kozlov.
15:57 of 3rd period - Stopped by Antti Niemi with a rebound.
16:04 of 3rd period - Minor Penalty to Shane O'Brien for Hooking.
16:04 of 3rd period - Minor Penalty to Éric Perrin for Elbowing.
16:05 of 3rd period - Ryan Smyth wins face-off versus Robert Nilsson in Avalanche zone.
16:12 of 3rd period - Wrist shot by Jason Pominville.
16:12 of 3rd period - Shot Blocked by Mike York.
16:30 of 3rd period - Sheldon Souray is hit by Jason Pominville and loses puck.
16:56 of 3rd period - Snap shot by Mike Comrie.
16:56 of 3rd period - Deflect By Oleg Kvasha.
16:56 of 3rd period - Goal by Oleg Kvasha - Avalanche : 6 - Canadiens : 3.
16:57 of 3rd period - Ryan Smyth wins face-off versus Robert Nilsson in neutral zone.
17:42 of 3rd period - Slapshot by Tyler Sloan.
17:42 of 3rd period - Stopped by Antti Niemi without a rebound.
17:43 of 3rd period - Viktor Kozlov wins face-off versus Oleg Kvasha in Avalanche zone.
18:04 of 3rd period - Penalty to Shane O'Brien is over, Shane O'Brien is back on ice.
18:04 of 3rd period - Penalty to Éric Perrin is over, Éric Perrin is back on ice.
18:16 of 3rd period - Snap shot by Shane O'Brien.
18:16 of 3rd period - Shot Blocked by Dave Tanabe.
18:19 of 3rd period - Icing by Mattias Norstrom.
18:20 of 3rd period - Robert Nilsson wins face-off versus Oleg Kvasha in Avalanche zone.
18:35 of 3rd period - Wrist shot by Mike Comrie.
18:35 of 3rd period - Stopped by Kari Lehtonen without a rebound.
18:36 of 3rd period - Viktor Kozlov wins face-off versus Maxim Talbot in Canadiens zone.
19:19 of 3rd period - Ossi Vaananen is hit by Shane O'Brien and loses puck.
19:46 of 3rd period - Backhand shot by Dustin Byfuglien.
19:46 of 3rd period - Stopped by Kari Lehtonen with a rebound.
19:48 of 3rd period - Snap shot by Andrew Ladd.
19:48 of 3rd period - Stopped by Kari Lehtonen with a rebound.
19:50 of 3rd period - Slapshot by John-Michael Liles.
19:50 of 3rd period - Shot Hit the Post.
19:52 of 3rd period - Slapshot by John-Michael Liles.
19:52 of 3rd period - Stopped by Kari Lehtonen without a rebound.
19:53 of 3rd period - Robert Nilsson wins face-off versus Oleg Kvasha in Canadiens zone.
19:53 of 3rd period - Robert Nilsson is hit by Dave Tanabe.
Output by the SimonT Hockey Simulator (STHS) for François Prévost -- Original Page W3C XHTML 1.0 Valid